 Dungeon Crawl Stone Soup version 0.21-a0-442-g848f44b (webtiles) character file.

50 Dysjunc the Sneak (level 3, -5/25 HPs)
             Began as a Gnoll Enchanter on Nov 13, 2017.
             Slain by a worm (11 damage)
             ... on level 2 of the Dungeon.
             The game lasted 00:04:39 (1783 turns).

Dysjunc the Sneak (Gnoll Enchanter)                 Turns: 1783, Time: 00:04:39

Health: -5/25      AC:  2    Str: 10    XL:     3   Next: 79%
Magic:  9/9        EV: 14    Int: 18    God:
Gold:   139        SH:  0    Dex: 15    Spells: 3/12 levels left

rFire    . . .     SeeInvis .   a - +1 dagger
rCold    . . .     Gourm    +   (no shield)
rNeg     . . .     Faith    .   b - +0 robe
rPois    .         Spirit   .   (no helmet)
rElec    .         Reflect  .   (no cloak)
rCorr    .         Harm     .   (no gloves)
MR       .....                  (no boots)
Stlth    +++.......             m - amulet of the gourmand
HPRegen  0.08/turn              (no ring)
MPRegen  0.11/turn              (no ring)

@: no status effects
A: distributed training, fangs 1, strong nose
a: no special abilities


You were on level 2 of the Dungeon.
You were hungry.

You visited 1 branch of the dungeon, and saw 2 of its levels.

You collected 139 gold pieces.

Inventory:

Hand Weapons
 a - a +1 dagger (weapon)
Missiles
 e - 16 stones (quivered)
 o - 26 arrows
 p - 2 throwing nets
Armour
 b - a +0 robe (worn)
Jewellery
 m - an amulet of the gourmand (around neck)
Wands
 w - a wand of iceblast (15/15)
Scrolls
 n - a scroll of magic mapping
 u - a scroll of amnesia
Potions
 h - 3 potions of haste
 j - a potion of agility
 k - a potion of flight {unknown}
 l - a potion of curing {unknown}
 s - a potion of ambrosia {unknown}
 v - a potion of mutation {unknown}
Books
 c - a book of Maledictions

   Spells                             Type                      Level
   a - Corona                         Hexes                        1
   b - Ensorcelled Hibernation        Hexes/Ice                    2
   c - Confuse                        Hexes                        3
   d - Tukima's Dance                 Hexes                        3
   e - Dazzling Spray                 Conjuration/Hexes            3
Comestibles
 d - 2 bread rations
 f - 2 fruits
 i - a royal jelly


   Skills:
 + Level 0.9 Fighting
 + Level 2.6 Short Blades
 + Level 0.9 Long Blades
 + Level 0.9 Axes
 + Level 0.9 Maces & Flails
 + Level 0.9 Polearms
 + Level 0.9 Staves
 + Level 0.9 Slings
 + Level 0.9 Bows
 + Level 0.9 Crossbows
 + Level 0.9 Throwing
 + Level 0.9 Armour
 + Level 4.5 Dodging
 + Level 6.0 Stealth
 + Level 0.9 Shields
 + Level 0.9 Unarmed Combat
 + Level 5.0 Spellcasting
 + Level 0.6 Conjurations
 + Level 5.4 Hexes
 + Level 0.6 Charms
 + Level 0.6 Summonings
 + Level 0.6 Necromancy
 + Level 0.6 Translocations
 + Level 0.6 Transmutations
 + Level 0.6 Fire Magic
 + Level 0.6 Ice Magic
 + Level 0.6 Air Magic
 + Level 0.6 Earth Magic
 + Level 0.6 Poison Magic
 + Level 1.0 Invocations
 + Level 0.9 Evocations


You had 3 spell levels left.
You knew the following spells:

 Your Spells              Type           Power        Failure   Level  Hunger
a - Confuse               Hex            ###.....     4%          3    ##.....
q - Ensorcelled Hibernat  Hex/Ice        ###...       6%          2    #......
w - Tukima's Dance        Hex            ###.....     4%          3    ##.....
z - Corona                Hex            ###....      1%          1    None


Dungeon Overview and Level Annotations

Branches:
Dungeon (2/15)

Altars:


Innate Abilities, Weirdness & Mutations

Your experience applies equally to all skills.
You have very sharp teeth.
Your uncanny sense of smell can sniff out nearby items.


Message History

You throw a stone. The stone closely misses the goblin.
The worm misses you.
Throwing (i - inventory. (,) - cycle):
e - 17 stones (quivered)
Press: ? - help, Shift-Dir - straight line, f/p - goblin
Aim: a goblin (severely wounded)
You throw a stone. The stone hits the goblin.
You kill the goblin!
Throwing (i - inventory. (,) - cycle):
e - 16 stones (quivered)
Press: ? - help, Shift-Dir - straight line, f - worm
Aim: a worm
Okay, then.
You hit the worm.
The worm is lightly wounded.
The worm bites you!
* * * LOW HITPOINT WARNING * * *
You hit the worm. Your bite misses the worm.
The worm is lightly wounded.
You completely miss the worm.
The worm is lightly wounded.
The worm bites you!
You die...

.....#...,,...#..[####
##.###.######.#......#
...)............>....#
##.###.##.###..#.....# #.#
#K##.# #..#.....# #.#
#.##.# #..#.....# #.#
#.##.# #..#.....#
##.###.##.###).#.....#
.....<.##.#....#@....##
##.##..##%#....w.(....#
##.##...#.#.....(.....#####
...##...#.#.....#(........#
#####...........#......##,*
....#.....#.#...#..(...#*,*
###.###.........#...).(#*,*
**#.# #.........#...(..#*,*
,,#.# #.#.##....#......#*,*


You could see a worm.

Vanquished Creatures
  2 oozes
  A worm (D:2)
  2 dart slugs (D:1)
  5 goblins (D:2)
  4 hobgoblins
  5 jackals (D:2)
  A quokka (D:2)
  4 bats
  A frilled lizard (D:1)
  4 kobolds
  4 rats (D:1)
33 creatures vanquished.

Vanquished Creatures (collateral kills)
  A kobold (D:2)
1 creature vanquished.

Grand Total: 34 creatures vanquished

Notes
Turn   | Place    | Note
-------+----------+-------------------------------------------
     0 | D:1      | Dysjunc the Gnoll Enchanter began the quest for the Orb.
     0 | D:1      | Reached XP level 1. HP: 13/13 MP: 6/6
   582 | D:1      | Reached XP level 2. HP: 19/19 MP: 7/7
   586 | D:1      | Learned a level 2 spell: Ensorcelled Hibernation
  1217 | D:2      | Reached XP level 3. HP: 22/25 MP: 7/9
  1222 | D:2      | Learned a level 3 spell: Tukima's Dance
  1226 | D:2      | Learned a level 3 spell: Confuse
  1310 | D:2      | Reached skill level 5 in Spellcasting
  1366 | D:2      | Reached skill level 6 in Stealth
  1484 | D:2      | Reached skill level 1 in Invocations
  1783 | D:2      | Slain by a worm

Vault maps used:
D:1:      dpeg_arrival_orchard

Skill      XL: |  1  2  3 |
---------------+----------+-----
Spellcasting   | 5 |  5.0
Stealth        | 6 |  6.0
Invocations    | 1 |  1.0
Fighting       | |  0.9
Short Blades   | |  2.6
Long Blades    | |  0.9
Axes           | |  0.9
Maces & Flails | |  0.9
Polearms       | |  0.9
Staves         | |  0.9
Slings         | |  0.9
Bows           | |  0.9
Crossbows      | |  0.9
Throwing       | |  0.9
Armour         | |  0.9
Dodging        | |  4.5
Shields        | |  0.9
Unarmed Combat | |  0.9
Conjurations   | |  0.6
Hexes          | |  5.4
Charms         | |  0.6
Summonings     | |  0.6
Necromancy     | |  0.6
Translocations | |  0.6
Transmutations | |  0.6
Fire Magic     | |  0.6
Ice Magic      | |  0.6
Air Magic      | |  0.6
Earth Magic    | |  0.6
Poison Magic   | |  0.6
Evocations     | |  0.9

Action                   || total
-------------------------++-------
Melee: Dagger            ||    98
       Bite              ||     6
Throw: Stone             ||     6
 Cast: Ensorcelled Hiber ||     8
       Tukima's Dance    ||     1
  Use: Scroll            ||     8
       Potion            ||     1
 Stab: Sleeping          ||    16
  Eat: Chunk             ||     2
Armor: Robe              ||    15
Dodge: Dodged            ||    57

Table legend:
 A = Spawn XP
 B = Non-spawn XP
 C = Spawn XP percentage of total XP
 D = Spawn monster count
 E = Non-spawn monster count
 F = Spawn count percentage of total count
 G = Total turns spent on level
                    A         B        C        D         E        F      G
               +---------+---------+-------+---------+---------+-------+---------
         Total |       0 |      72 |   0.0 |       0 |      34 |   0.0 |  1783
               +---------+---------+-------+---------+---------+-------+---------
           D:1 |       0 |      29 |   0.0 |       0 |      14 |   0.0 |  1180
           D:2 |       0 |      43 |   0.0 |       0 |      20 |   0.0 |   603
               +---------+---------+-------+---------+---------+-------+---------
